 Dungeon Crawl Stone Soup version 0.28.0 (webtiles) character file.

Game seed: 8278730851475253978

1645 Ayyar the Fighter (level 8, -1/71 HPs)
             Began as a Gnoll Wanderer on Mar 31, 2022.
             Was an Initiate of Dithmenos.
             Slain by an unseen horror (6 damage)
             ... in the Ecumenical Temple on Apr 1, 2022.
             The game lasted 00:22:46 (6038 turns).

Ayyar the Fighter (Gnoll Wanderer)                  Turns: 6038, Time: 00:22:47

Health: -1/71      AC:  8    Str: 10    XL:     8   Next: 99%
Magic:  13/13      EV: 14    Int: 10    God:    Dithmenos [......]
Gold:   262        SH:  0    Dex: 17    Spells: 14/14 levels left

rFire   . . .      SeeInvis .   a - +3 short sword
rCold   . . .      Faith    .   (no shield)
rNeg    . . .      Spirit   .   c - +0 robe
rPois   .          Reflect  .   v - +0 helmet
rElec   .          Harm     .   (no cloak)
rCorr   .          Rampage  .   u - +0 pair of gloves
Will    .....                   (no boots)
Stlth   +++.......              (no amulet)
HPRegen 0.21/turn               t - +4 ring of protection
MPRegen 0.13/turn               (no ring)

@: brilliant, attractive
A: fangs 1, strong nose, distributed training
a: Renounce Religion


You were in the Ecumenical Temple.
You worshipped Dithmenos.
Dithmenos was noncommittal.
You visited 2 branches of the dungeon, and saw 7 of its levels.

You collected 262 gold pieces.

Inventory:

Hand Weapons
 a - a +3 short sword (weapon)
 i - a +1 falchion of holy wrath
Missiles
 y - a curare-tipped dart
Armour
 c - a +0 robe (worn)
 u - a +0 pair of gloves (worn)
 v - a +0 helmet (worn)
Jewellery
 t - a +4 ring of protection (left hand)
Wands
 b - a wand of polymorph (4) (quivered)
 n - a wand of acid (2)
 x - a wand of iceblast (9)
Scrolls
 d - 2 scrolls of fear {unknown}
 e - 4 scrolls of identify {unknown}
 f - a scroll of torment {unknown}
 o - 2 scrolls of fog {unknown}
 r - a scroll of blinking {unknown}
 s - a scroll of immolation {unknown}
 w - a scroll of teleportation {unknown}
 z - a scroll of amnesia {unknown}
Potions
 g - a potion of mutation {unknown}
 k - a potion of haste
 l - 2 potions of curing
 p - 2 potions of flight


   Skills:
 + Level 9.3 Fighting
 + Level 7.6 Short Blades
 + Level 3.7 Long Blades
 + Level 3.7 Axes
 + Level 3.7 Maces & Flails
 + Level 3.7 Polearms
 + Level 3.7 Staves
 + Level 3.7 Slings
 + Level 3.7 Bows
 + Level 3.7 Crossbows
 + Level 3.7 Throwing
 + Level 3.7 Armour
 + Level 4.6 Dodging
 + Level 4.5 Stealth
 + Level 3.7 Shields
 + Level 3.7 Unarmed Combat
 + Level 3.7 Spellcasting
 + Level 3.1 Conjurations
 + Level 3.1 Hexes
 + Level 3.1 Summonings
 + Level 3.1 Necromancy
 + Level 3.1 Translocations
 + Level 3.1 Transmutations
 + Level 3.1 Fire Magic
 + Level 3.1 Ice Magic
 + Level 3.1 Air Magic
 + Level 3.1 Earth Magic
 + Level 3.1 Poison Magic
 + Level 4.1 Invocations
 + Level 4.6 Evocations


You had 14 spell levels left.
You didn't know any spells.
Your spell library contained the following spells:

 Spells                   Type           Power      Damage    Failure   Level
 Animate Skeleton         Necr           24%        N/A       8%          1
 Apportation              Tloc           24%        N/A       8%          1
 Summon Small Mammal      Summ           48%        N/A       8%          1


Dungeon Overview and Level Annotations

Branches:
Dungeon (6/15)             Temple (1/1) D:6

Altars:
Ashenzari
Dithmenos
Fedhas
Gozag
Kikubaaqudgha
Makhleb
Nemelex Xobeh
Qazlal
Trog
Uskayaw
Vehumet
Xom


Innate Abilities, Weirdness & Mutations

You have very sharp teeth.
Your uncanny sense of smell can sniff out nearby items.
Your experience applies equally to all skills.


Message History

Something hits you. Something hits you.
There is a staircase to the Ecumenical Temple, spattered with blood here.
Something hits you. Something hits you!
You climb downwards.
Welcome back to the Ecumenical Temple!
Reactivating autopickup.
There is a staircase back to the Dungeon here.
You start resting.
Something hits you but does no damage.
Deactivating autopickup; reactivate with Ctrl-A.
You start resting.
Something hits you but does no damage. Something barely misses you.
Something hits you.
You hit the bush but do no damage. Something hits you but does no damage.
Something barely misses you.
You puncture the bush! You bite the bush, but do no damage.
The bush is lightly damaged.
Something barely misses you.
You hit the bush. You bite the bush, but do no damage.
The bush is lightly damaged.
Something hits you but does no damage. Something hits you!
* * * LOW HITPOINT WARNING * * *
Something hits you but does no damage.
There is an open gate here.
Something barely misses you. Something hits you.
* * * LOW HITPOINT WARNING * * *
There is an open gate here.
It was a potion of cancellation.
You feel magically purged. Something hits you but does no damage.
It was a potion of magic.
Magic courses through your body. Something hits you!
* * * LOW HITPOINT WARNING * * *
It was a potion of attraction.
You feel attractive to monsters. Something hits you.
* * * LOW HITPOINT WARNING * * *
Something is attracted toward you.
It was a potion of brilliance.
You feel clever all of a sudden. Something hits you.
You die...

≈≈≈≈≈≈≈≈P.....≈≈≈..≈.≈≈≈.
≈≈≈≈≈≈≈≈≈≈≈.................
≈≈≈≈≈≈≈≈≈≈...P...............
≈≈≈≈≈≈≈≈≈≈.P.................
≈≈≈≈≈≈≈≈.........#######.....
≈≈≈≈≈≈≈....§...###.....###...
≈≈≈≈≈≈≈......###..._.....###.
≈≈≈≈≈...♣...##........._...##
≈≈≈≈≈.......@..._........_..#
≈≈≈≈≈...<..P'......._.⌠.....#
≈≈≈≈≈.......'..._........_..#
≈≈≈≈≈.......##........._...##
≈≈≈≈≈≈.......###..._.....###.
≈≈≈≈≈≈≈........###.....###P..
≈≈≈≈≈≈≈≈.♣.......#######.....
≈≈≈≈≈≈≈≈≈≈........♣..........
≈≈≈≈≈≈≈≈≈≈...................


There were no monsters in sight!

Vanquished Creatures
  Pikel (D:5)
  A sky beast (D:5)
  2 ogres
  A black bear (D:6)
  A necrophage (D:4)
  2 lemures (D:4)
  A kobold brigand (D:6)
  A scorpion (D:4)
  2 water moccasin skeletons
  A howler monkey (D:5)
  A centaur zombie (D:5)
  A gnoll shaman (D:4)
  An orc priest (D:5)
  A centaur skeleton (D:4)
  A bullfrog skeleton (D:5)
  Natasha (thrice) (D:2)
  A hound skeleton (D:5)
  9 gnolls
  6 adders
  2 ufetubi (D:4)
  An adder skeleton (D:3)
  2 worms (D:2)
  A dart slug (D:2)
  5 orcs
  7 endoplasms
  4 giant cockroaches
  10 goblins
  4 hobgoblins
  2 jackals (D:2)
  9 kobolds
  7 quokkas
  6 ball pythons
  7 bats
  5 rats
109 creatures vanquished.

Notes
Turn   | Place    | Note
-------+----------+-------------------------------------------
     0 | D:1      | Ayyar the Gnoll Wanderer began the quest for the Orb.
     0 | D:1      | Ayyar set off with the following items: a +3 short sword, a
                  | wand of polymorph (7), a +0 robe
     0 | D:1      | Reached XP level 1. HP: 26/26 MP: 1/1
    62 | D:1      | Reached XP level 2. HP: 18/33 MP: 2/2
   442 | D:1      | Reached XP level 3. HP: 38/38 MP: 3/3
   911 | D:2      | Reached skill level 1 in Invocations
  1002 | D:2      | Reached skill level 1 in Long Blades
  1002 | D:2      | Reached skill level 1 in Axes
  1002 | D:2      | Reached skill level 1 in Maces & Flails
  1002 | D:2      | Reached skill level 1 in Polearms
  1002 | D:2      | Reached skill level 1 in Staves
  1002 | D:2      | Reached skill level 1 in Slings
  1002 | D:2      | Reached skill level 1 in Bows
  1002 | D:2      | Reached skill level 1 in Crossbows
  1002 | D:2      | Reached skill level 1 in Throwing
  1002 | D:2      | Reached skill level 1 in Armour
  1002 | D:2      | Reached skill level 1 in Shields
  1002 | D:2      | Reached skill level 1 in Unarmed Combat
  1002 | D:2      | Reached skill level 1 in Spellcasting
  1014 | D:2      | Noticed Natasha
  1152 | D:2      | Killed Natasha
  1153 | D:2      | Reached XP level 4. HP: 39/45 MP: 5/5
  1571 | D:3      | Reached skill level 1 in Conjurations
  1571 | D:3      | Reached skill level 1 in Hexes
  1571 | D:3      | Reached skill level 1 in Summonings
  1571 | D:3      | Reached skill level 1 in Necromancy
  1571 | D:3      | Reached skill level 1 in Translocations
  1571 | D:3      | Reached skill level 1 in Transmutations
  1571 | D:3      | Reached skill level 1 in Fire Magic
  1571 | D:3      | Reached skill level 1 in Ice Magic
  1571 | D:3      | Reached skill level 1 in Air Magic
  1571 | D:3      | Reached skill level 1 in Earth Magic
  1571 | D:3      | Reached skill level 1 in Poison Magic
  1606 | D:2      | Noticed Natasha
  1617 | D:2      | Killed Natasha
  1618 | D:2      | Reached XP level 5. HP: 48/51 MP: 5/7
  1650 | D:2      | Found a faded altar of an unknown god.
  1682 | D:2      | Noticed Natasha
  1695 | D:2      | Killed Natasha
  2780 | D:3      | Reached XP level 6. HP: 57/57 MP: 8/8
  3324 | D:4      | Reached XP level 7. HP: 50/63 MP: 10/10
  3820 | D:5      | Entered Level 5 of the Dungeon
  3827 | D:5      | Noticed Pikel
  4264 | D:5      | Noticed Edmund
  4274 | D:5      | Noticed Edmund
  4274 | D:5      | Edmund changed into Edmund the howler monkey
  4281 | D:5      | Killed Edmund the howler monkey
  4286 | D:5      | Found an opulent altar of Gozag.
  4330 | D:5      | Reached skill level 9 in Fighting
  4333 | D:5      | Found a broken altar of Ashenzari.
  4337 | D:5      | Saw a vision of the Shoals and the Snake Pit.
  4337 | D:5      | Noticed a naga ritualist
  4337 | D:5      | Noticed a naga
  4337 | D:5      | Noticed an anaconda
  4337 | D:5      | Noticed a guardian serpent
  4337 | D:5      | Noticed a black mamba
  4337 | D:5      | Noticed a naga
  4337 | D:5      | Noticed a naga
  4337 | D:5      | Noticed an anaconda
  4337 | D:5      | Noticed a naga mage
  4337 | D:5      | Noticed a merfolk
  4337 | D:5      | Noticed a sea snake
  4337 | D:5      | Noticed a sea snake
  4337 | D:5      | Noticed a merfolk
  4339 | D:5      | Noticed a naga sharpshooter
  4541 | D:5      | Found a bloodstained altar of Trog.
  4583 | D:5      | Reached XP level 8. HP: 71/71 MP: 12/12
  5123 | D:5      | Killed Pikel
  5572 | D:6      | Found a staircase to the Ecumenical Temple.
  5583 | Temple   | Entered the Ecumenical Temple
  5674 | Temple   | Became a worshipper of Dithmenos the Shadowed
  6038 | Temple   | Slain by an unseen horror

Illustrated notes

Levels and vault maps discovered:
D:1:      psy_arrival_whirlpool, layout_rooms, serial_forest,
          infiniplex_forest_clump_diagonal, infiniplex_forest_zigzag_1,
          infiniplex_forest_lined_corner, infiniplex_forest_3_way,
          minmay_pentomino_x2
D:2:      layout_basic, basic_ecumenical_altar, uniq_natasha
D:3:      layout_rooms
D:4:      layout_rooms, minmay_starry_boxes
D:5:      layout_loops_ring, grunt_ashenzari_visionary
          [grunt_ashenzari_visionary_shoals, grunt_ashenzari_visionary_snake],
          grunt_gozag_statues, lightli_temple_of_fire, uniq_pikel, uniq_edmund
D:6:      layout_basic, minitemple, minmay_temple_entry_stoned_glass,
          serial_shops, kennysheep_mini_moat
Temple:   jpeg_temple_island

Skill      XL: |  1  2  3  4  5  6  7  8 |
---------------+-------------------------+-----
Invocations    | 1 2 3 4 |  4.1
Long Blades    | 1 2 3 |  3.7
Axes           | 1 2 3 |  3.7
Maces & Flails | 1 2 3 |  3.7
Polearms       | 1 2 3 |  3.7
Staves         | 1 2 3 |  3.7
Slings         | 1 2 3 |  3.7
Bows           | 1 2 3 |  3.7
Crossbows      | 1 2 3 |  3.7
Throwing       | 1 2 3 |  3.7
Armour         | 1 2 3 |  3.7
Shields        | 1 2 3 |  3.7
Unarmed Combat | 1 2 3 |  3.7
Spellcasting   | 1 2 3 |  3.7
Conjurations   | 1 2 3 |  3.1
Hexes          | 1 2 3 |  3.1
Summonings     | 1 2 3 |  3.1
Necromancy     | 1 2 3 |  3.1
Translocations | 1 2 3 |  3.1
Transmutations | 1 2 3 |  3.1
Fire Magic     | 1 2 3 |  3.1
Ice Magic      | 1 2 3 |  3.1
Air Magic      | 1 2 3 |  3.1
Earth Magic    | 1 2 3 |  3.1
Poison Magic   | 1 2 3 |  3.1
Dodging        | 3 4 |  4.6
Evocations     | 3 4 |  4.6
Stealth        | 3 4 |  4.5
Short Blades   | 7 |  7.6
Fighting       | 9 |  9.3

Action                   |  1- 3 |  4- 6 |  7- 9 || total
-------------------------+-------+-------+-------++-------
Melee: Short sword       |    68 |   143 |   235 ||   446
       Bite              |     3 |    16 |    28 ||    47
       Punch             |       |     5 |     8 ||    13
Evoke: Wand              |       |     2 |     3 ||     5
  Use: Potion            |       |       |     8 ||     8
 Stab: Sleeping          |     6 |     9 |     3 ||    18
       Distracted        |       |     2 |     1 ||     3
Armor: Robe              |    16 |    10 |    60 ||    86
Dodge: Dodged            |    26 |    69 |   124 ||   219
